 Dungeon Crawl Stone Soup version 0.28.0 (webtiles) character file.

Game seed: 772690175078565875

154 SkeletonJelly the Chopper (level 5, -1/42 (46) HPs)
             Began as a Draconian Monk on Feb 11, 2022.
             Was an Elder of Lugonu.
             Succumbed to a wight's poison
             ... on level 2 of the Dungeon.
             The game lasted 00:03:51 (2715 turns).

SkeletonJelly the Chopper (Draconian Monk)          Turns: 2715, Time: 00:03:52

HP:   -1/42 (46)    AC:  7    Str: 16    XL:     5   Next: 13%
MP:   5/5           EV: 16    Int: 16    God:    Lugonu [****..]
Gold: 119           SH:  0    Dex: 13    Spells: 4/4 levels left

rFire   . . .      SeeInvis .   a - +0 hand axe
rCold   . . .      Faith    .   (no shield)
rNeg    . . .      Spirit   .   (armour unavailable)
rPois   .          Reflect  .   f - +2 hat
rElec   .          Harm     .   (no cloak)
rCorr   .          Rampage  .   (no gloves)
Will    .....                   (no boots)
Stlth   ++........              (no amulet)
HPRegen 0.14/turn               c - +4 ring of evasion
MPRegen 0.09/turn               g - +6 ring of intelligence

@: lethally poisoned (-1 -> -14), drained
A: AC +5, unfitting armour, cold-blooded
a: Renounce Religion, Depart the Abyss, Bend Space, Banish, Corrupt


You were on level 2 of the Dungeon.
You worshipped Lugonu.
Lugonu was greatly pleased with you.
You visited 1 branch of the dungeon, and saw 3 of its levels.

You collected 119 gold pieces.

Inventory:

Hand Weapons
 a - a +0 hand axe (weapon)
 m - a +2 antimagic whip
Missiles
 n - 2 poisoned darts (quivered)
Armour
 f - a +2 hat (worn)
Jewellery
 c - a +4 ring of evasion (left hand)
 g - a +6 ring of intelligence (right hand)
Scrolls
 b - 7 scrolls of identify {unknown}
 i - a scroll of immolation {unknown}
Potions
 d - a potion of heal wounds {unknown}
 e - 2 potions of curing {unknown}
 h - a potion of brilliance {unknown}
 j - a potion of invisibility {unknown}
 k - a potion of might {unknown}
 l - a potion of mutation {unknown}


   Skills:
 - Level 4.0 Fighting
 * Level 5.3 Axes
 - Level 2.6 Dodging
 - Level 1.7 Stealth
 + Level 1.2 Invocations


You had 4 spell levels left.
You didn't know any spells.
Your spell library was empty.

Dungeon Overview and Level Annotations

Branches:
Dungeon (3/15)

Altars:
Cheibriados
Ru
Xom
Lugonu

Annotations:
D:3 2 transporters


Innate Abilities, Weirdness & Mutations

Your plain brown scales are hard. (AC +5)
You cannot fit into any form of body armour.
You are cold-blooded and may be slowed by cold attacks.


Message History

You feel sick.
You feel sick.
You are no longer poisoned.
There is an open door here.
There is a stone staircase leading up here.
The wight hits you with a +0 hand axe of venom.
* * * LOW HITPOINT WARNING * * *
You feel drained.
* * * LOW HITPOINT WARNING * * *
You are poisoned.
You climb upwards.
Reactivating autopickup.
You feel very sick.
There is a stone staircase leading down here.
You feel sick.
You feel sick.
You feel sick.
You feel sick.
You feel sick.
You are no longer poisoned.
There is a stone staircase leading down here.
HP restored.
Done exploring.
You climb downwards.
Level annotation: 2 transporters
There is a stone staircase leading up here.
You open the door.
The orc shouts! x2
There are monsters nearby!
There are monsters nearby!
There are monsters nearby!
There are monsters nearby!
Okay, then.
Okay, then.
There is a stone staircase leading up here.
You aren't carrying any items that you can evoke.
Throw: 2 darts (poison)
Press: ? - help, Q - select action, (/) - cycle Shift-Dir - straight line, f - wight
Aim: a wight, wielding a +0 hand axe of venom and wearing a +0 robe (59% to hit)
Okay, then.
Unknown command.
Unknown command.
Unknown command.
Okay, then.
The orc priest shouts!
The wight barely misses you.
You climb upwards.
There is a stone staircase leading down here.
You hit the wight.
The wight is lightly damaged.
The wight hits you with a +0 hand axe of venom.
You feel drained.
You are poisoned.
You barely miss the wight.
Your tail-slap misses the wight.
The wight is lightly damaged.
You feel very sick. The wight closely misses you.
You hit the wight.
The wight is lightly damaged.
You feel sick.
The wight hits you with a +0 hand axe of venom!
You are too injured to fight recklessly!
You are too injured to fight recklessly!
You are too injured to fight recklessly!
You are too injured to fight recklessly!
You are too injured to fight recklessly!
You barely miss the wight.
You tail-slap the wight, but do no damage.
You punch the wight, but do no damage.
The wight is lightly damaged.
You feel sick. The wight closely misses you.
You hit the wight.
The wight is moderately damaged.
You feel sick. The wight closely misses you.
You barely miss the wight.
Your tail-slap misses the wight.
The wight is moderately damaged.
You feel sick. The wight barely misses you.
You closely miss the wight.
The wight is moderately damaged.
You feel sick. The wight closely misses you.
You barely miss the wight.
The wight is moderately damaged.
You feel sick. The wight barely misses you.
You closely miss the wight.
The wight is moderately damaged.
You feel sick.
The wight hits you with a +0 hand axe of venom.
* * * LOW HITPOINT WARNING * * *
You hit the wight.
The wight is moderately damaged.
You feel sick.
You are no longer poisoned.
The wight completely misses you.
You hit the wight but do no damage.
Your tail-slap misses the wight.
The wight is moderately damaged.
The wight hits you with a +0 hand axe of venom!
* * * LOW HITPOINT WARNING * * *
You are lethally poisoned!
You hit the wight but do no damage.
The wight is moderately damaged.
You die...

.#......# #.#.# #.#####
.#......# #.#.# #.# .#......#
#.#.###.# .######## #.#..##.# .#
#.#..##.# .##########.##..#.#
######### ..........#'##..#.#
#.......# #########.........#
#.####.## #......z@.# #.# #.#
###.........# #.# #<#
#...........# #.######
#######.###≈###...#######......#
........#.#≈#.#....(......####.#
......###.#≈#.###..#####..# #.#
..........#≈#.....###.##.## #.#
......###.#≈#.###.# #....# #.#
........#.#≈#.#...# #.#### #.#


You could see a wight.

Vanquished Creatures
  An iguana (D:3)
  6 adders
  A dart slug (D:1)
  A worm (D:2)
  An orc (D:3)
  5 ball pythons
  8 bats
  3 endoplasms
  3 giant cockroaches
  7 goblins
  9 hobgoblins
  6 jackals
  4 quokkas
  3 frilled lizards
  4 kobolds
  5 rats
67 creatures vanquished.

Notes
Turn   | Place    | Note
-------+----------+-------------------------------------------
     0 | D:1      | SkeletonJelly the Draconian Monk began the quest for the
                  | Orb.
     0 | D:1      | Reached XP level 1. HP: 19/19 MP: 1/1
    98 | D:1      | Found a faded altar of an unknown god.
   101 | D:1      | Prayed at the altar of an unknown god.
   101 | D:1      | Became a worshipper of Lugonu the Unformed
   101 | D:1      | Reached * piety under Lugonu
   101 | D:1      | Reached ** piety under Lugonu
   101 | D:1      | Reached *** piety under Lugonu
   229 | D:1      | Reached XP level 2. HP: 25/26 MP: 2/2
   826 | D:2      | Reached XP level 3. HP: 24/33 MP: 3/3
   955 | D:2      | Reached **** piety under Lugonu
  1038 | D:2      | Reached skill level 4 in Axes
  1658 | D:2      | Reached XP level 4. HP: 40/40 MP: 4/4
  1841 | D:3      | Noticed an orc warrior
  1844 | D:3      | Found a transporter.
  1845 | D:3      | Noticed a phantom
  1849 | D:3      | Found a snail-covered altar of Cheibriados.
  2076 | D:3      | Reached skill level 5 in Axes
  2151 | D:3      | Reached skill level 1 in Invocations
  2151 | D:3      | Reached XP level 5. HP: 46/46 MP: 5/5
  2166 | D:3      | Found a shimmering altar of Xom.
  2168 | D:3      | Found a transporter.
  2317 | D:3      | Found a sacrificial altar of Ru.
  2714 | D:2      | HP: 2/42 [wight (7)]
  2715 | D:2      | Succumbed to a wight's poison

Illustrated notes

Levels and vault maps discovered:
D:1:      saegor_arrival_simple_c, layout_basic,
          shapermc_ecumenical_altar_mp_urbaneastern, lemuel_old_faithful
D:2:      layout_basic, grunt_decor_cap, minmay_tromino_v4_a
D:3:      layout_basic, gammafunk_temple_overflow_arena, lemuel_crystal_altar,
          grunt_ministairs_12, minmay_parallelograms

Skill      XL: |  1  2  3  4 |
---------------+-------------+-----
Axes           | 4 5 |  5.3
Fighting       | 4 |  4.0
Invocations    | 1 |  1.2
Dodging        | |  2.6
Stealth        | |  1.7

Action                   |  1- 3 |  4- 6 || total
-------------------------+-------+-------++-------
Melee: Hand axe          |   134 |    91 ||   225
       Tailslap          |    12 |    11 ||    23
       Punch             |       |     1 ||     1
 Stab: Sleeping          |     4 |     2 ||     6
Armor: Skin              |    47 |    20 ||    67
Dodge: Dodged            |   134 |    71 ||   205
